 Dungeon Crawl Stone Soup version 0.28-a0-850-g09de17f5b5 (webtiles) character file.

Game seed: 10549278244826366264

28 Crownlay the Digger (level 3, -4/19 HPs)
             Began as a Gargoyle Earth Elementalist on Nov 13, 2021.
             Slain by Terence (8 damage)
             ... on level 2 of the Dungeon.
             The game lasted 00:01:41 (1464 turns).

Crownlay the Digger (Gargoyle Earth Elementalist)   Turns: 1464, Time: 00:01:42

Health: -4/19      AC:  5    Str: 11    XL:     3   Next: 14%
Magic:  1/7        EV: 11    Int: 16    God:
Gold:   29         SH:  0    Dex: 10    Spells: 7/8 levels left

rFire   . . .      SeeInvis .   e - +0 spear
rCold   . . .      Faith    .   (no shield)
rNeg    + . .      Spirit   .   b - +0 robe
rPois   ∞          Reflect  .   (no helmet)
rElec   +          Harm     .   (no cloak)
rCorr   .          Rampage  .   (no gloves)
Will    .....                   (no boots)
Stlth   ++........              (no amulet)
HPRegen 0.06/turn               (no ring)
MPRegen 0.10/turn               (no ring)

@: no status effects
A: sickness immunity, AC +3, negative energy resistance 1, electricity
resistance, torment resistance 1, petrification resistance
a: no special abilities


You were on level 2 of the Dungeon.
You visited 1 branch of the dungeon, and saw 2 of its levels.

You collected 29 gold pieces.

Inventory:

Hand Weapons
 e - a +0 spear (weapon)
Missiles
 c - 104 stones
Armour
 b - a +0 robe (worn)
Jewellery
 a - an amulet of guardian spirit
 f - a ring of fire
Scrolls
 d - 3 scrolls of enchant armour {unknown}


   Skills:
 - Level 1.5 Dodging
 - Level 2.1 Stealth
 * Level 3.0 Spellcasting
 - Level 0.7 Transmutations
 + Level 4.1 Earth Magic


You had 7 spell levels left.
You knew the following spells:

 Your Spells              Type           Power      Damage    Failure   Level
a - Sandblast             Erth           30%        2d9       3%          1

Your spell library contained the following spells:

 Spells                   Type           Power      Damage    Failure   Level
 Passwall                 Tmut/Erth      8%         N/A       11%         2
 Stone Arrow              Conj/Erth      18%        3d8       24%         3
 Petrify                  Tmut/Erth      10%        N/A       56%         4


Dungeon Overview and Level Annotations

Branches:
Dungeon (2/15)

Altars:

Shops:
D:2 :

Annotations:
D:2 Terence


Innate Abilities, Weirdness & Mutations

You are immune to sickness and miasma.
Your stone body is resilient. (AC +3)
You are immune to poison.
You resist negative energy. (rN+)
You are resistant to electric shocks. (rElec)
You are resistant to unholy torment.
You are immune to petrification.


Message History

(D) Dungeon
Where to? (? - help)
There is a stone staircase leading down here.
You climb downwards.
Found an escape hatch in the ceiling.
There is a stone staircase leading up here.
There is a stone staircase leading up here.
Found Vuxkueqi's Book Boutique.
No target in view!
A hobgoblin comes into view.
An endoplasm comes into view.
The hobgoblin shouts!
Found two stone staircases leading down.
Terence the Incautious comes into view.
He is wielding a +0 trident.
The blast of sand hits the hobgoblin!
You kill the hobgoblin!
Terence shouts!
A giant cockroach comes into view.
The blast of sand hits the endoplasm.
The endoplasm is almost dead.
The blast of sand hits the endoplasm!
You kill the endoplasm!
Your Spellcasting skill increases to level 3!
There is a stone staircase leading up here.
The blast of sand hits Terence.
Terence is moderately wounded.
The blast of sand hits Terence but does no damage.
Terence is moderately wounded.
Terence hits you from afar with a +0 trident!
The blast of sand hits Terence but does no damage.
Terence is moderately wounded.
Terence closely misses you.
The blast of sand hits Terence but does no damage.
Terence is moderately wounded.
Terence closely misses you.
The blast of sand misses Terence.
Terence hits you from afar with a +0 trident!
* * * LOW HITPOINT WARNING * * *
Terence hits you from afar with a +0 trident!
You die...

# #. ###..## # #..#
#..# #..# ####..###
#.......#
#......@##########
#.................
#......@..########
#.<....##.########
........##.........
###......###########
#......# ########


You could see Terence.

Vanquished Creatures
  2 dart slugs (D:1)
  4 endoplasms
  A giant cockroach (D:1)
  A goblin (D:1)
  3 hobgoblins
  2 kobolds (D:1)
  4 quokkas (D:1)
  2 ball pythons (D:1)
  A rat (D:1)
20 creatures vanquished.

Notes
Turn   | Place    | Note
-------+----------+-------------------------------------------
     0 | D:1      | Crownlay the Gargoyle Earth Elementalist began the quest
                  | for the Orb.
     0 | D:1      | Reached XP level 1. HP: 10/10 MP: 3/3
   117 | D:1      | Reached XP level 2. HP: 14/15 MP: 5/5
   219 | D:1      | Found a faded altar of an unknown god.
   452 | D:1      | Reached skill level 4 in Earth Magic
  1095 | D:1      | Reached XP level 3. HP: 11/19 MP: 7/7
  1435 | D:2      | Found Vuxkueqi's Book Boutique.
  1440 | D:2      | Noticed Terence
  1464 | D:2      | Slain by Terence

Illustrated notes

Levels and vault maps discovered:
D:1:      minmay_arrival_stair_chambers, layout_loops_ring,
          hellmonk_ecumenical_altar_leap_of_faith
D:2:      layout_rooms, serial_shops, shop, shop, nicolae_shop_behind_doors,
          minmay_misc_feat_rows, uniq_crazy_yiuf_cottage, uniq_terence

Skill      XL: |  1  2  3 |
---------------+----------+-----
Earth Magic    | 4 |  4.1
Spellcasting   | 3 |  3.0
Dodging        | |  1.5
Stealth        | |  2.1
Transmutations | |  0.7

Action                   || total
-------------------------++-------
Melee: Unarmed           ||     7
       Spear             ||    59
 Cast: Sandblast         ||    17
 Stab: Sleeping          ||     4
Armor: Robe              ||    17
Dodge: Dodged            ||    28

Table legend: (Time is in decaauts)
 A = Elapsed time spent in this place.
 B = Non-inter-level travel time spent in this place.
 C = Inter-level travel time spent in this place.
 D = Time resting spent in this place.
 E = Time spent auto-exploring this place.
 F = Levels seen in this place.
 G = Mean time per level.
                   A        B        C        D        E       F      G
               +--------+--------+--------+--------+--------+-----+--------+
         Total |   1469 |   1435 |     34 |      0 |   1255 |   2 |  734.5 |
       Dungeon |   1469 |   1435 |     34 |      0 |   1255 |   2 |  734.5 |
               +--------+--------+--------+--------+--------+-----+--------+

Top non-repeatable levels by time:
     D:1: 1418 daAuts
     D:2: 50 daAuts
